 Dungeon Crawl Stone Soup version 0.28-a0-1080-g05a166d0ed (webtiles) character file.

Game seed: 16946113535899642323

171388 Zonian the Champion of Chaos (level 17, -6/187 (190) HPs)
             Began as a Demonspawn Hedge Wizard on Dec 8, 2021.
             Was the Champion of Makhleb.
             Mangled by an emperor scorpion simulacrum (11 damage)
             ... on level 2 of the Spider Nest on Dec 10, 2021.
             The game lasted 02:32:20 (52248 turns).

Zonian the Champion of Chaos (DsWz)                Turns: 52248, Time: 02:32:21

HP:   -6/187 (190)  AC: 16    Str: 12    XL:     17   Next: 39%
MP:   27/30         EV: 19    Int: 18    God:    Makhleb [******]
Gold: 1315          SH: 10    Dex: 17    Spells: 18/35 levels left

rFire   . . .      SeeInvis .   M - +7 captain's cutlass {speed, disarm}
rCold   + . .      Faith    .   y - +0 buckler
rNeg    . . .      Spirit   .   d - +1 ring mail {rPois}
rPois   +          Reflect  +   Z - +2 helmet
rElec   .          Harm     .   r - +2 cloak {rCorr}
rCorr   +          Rampage  .   (no gloves)
Will    +....                   a - +2 pair of boots {Fly}
Stlth   ..........              h - amulet of reflection
HPRegen 0.41/turn               i - +4 ring of evasion
MPRegen 0.22/turn               c - ring of protection from cold

@: berserking, flying, lightly drained, very quick
A: claws 1, ignite blood 3, spiny 2
a: Renounce Religion, Minor Destruction, Lesser Servant of Makhleb, Major
Destruction, Greater Servant of Makhleb


You were on level 2 of the Spider Nest.
You worshipped Makhleb.
Makhleb was exalted by your worship.
You visited 7 branches of the dungeon, and saw 30 of its levels.

You collected 2646 gold pieces.
You spent 1331 gold pieces at shops.

Inventory:

Hand Weapons
 g - a +4 dagger of venom
 L - a +1 short sword of flaming
 M - the +7 captain's cutlass (weapon) {speed, disarm}
   (You bought it in a shop on level 2 of the Orcish Mines)

   Attacks with this weapon are significantly faster.
   It may disarm weapon-wielding foes when striking them, dealing extra damage
   in the process.
 U - a +6 quick blade of venom
Missiles
 e - 53 poisoned darts
 k - 3 boomerangs of dispersal
 w - 47 boomerangs
 B - 3 throwing nets
 G - 5 silver boomerangs
 P - 6 silver javelins
Armour
 a - a +2 pair of boots of flying (worn)
 d - a +1 ring mail of poison resistance (worn)
 r - a +2 cloak of preservation (worn)
 y - a +0 buckler (worn)
 S - the +1 leather armour of the Gravedigger {rPois Int+2}
   (You found it on level 6 of the Lair of Beasts)

   Int:       It affects your intelligence (+2).
   rPois:     It protects you from poison.
 Z - a +2 helmet (worn)
Jewellery
 b - a ring of protection from fire
 c - a ring of protection from cold (right claw)
 h - an amulet of reflection (around neck)
 i - a +4 ring of evasion (left claw)
 t - a +6 ring of strength
 x - a +4 ring of evasion
 C - the ring "Fiduj" {Fire rCorr Dex+4}
   (You found it on level 5 of the Dungeon)

   [ring of fire]

   It enhances your fire magic.
   Dex:       It affects your dexterity (+4).
   rF:        It protects you from fire.
   rC:        It makes you vulnerable to cold.
   rCorr:     It protects you from acid and corrosion.
 N - a +6 ring of intelligence
 W - an amulet of regeneration
Wands
 A - a wand of digging (12)
 K - a wand of mindburst (3)
 O - a wand of flame (30)
 V - a wand of charming (20)
 X - a wand of iceblast (3)
Scrolls
 j - 6 scrolls of fear
 s - a scroll of fog
 v - 5 scrolls of identify
 D - 5 scrolls of teleportation
 E - a scroll of blinking
 R - a scroll of silence
Potions
 l - 3 potions of lignification
 m - 3 potions of magic
 p - 3 potions of resistance
 q - 2 potions of curing
 u - 4 potions of attraction
 z - a potion of invisibility
 F - 5 potions of haste
 H - 10 potions of might
 T - 2 potions of brilliance
 Y - a potion of berserk rage
Miscellaneous
 n - a tin of tremorstones (1/2)
 Q - a box of beasts (inert)


   Skills:
 + Level 9.9 Fighting
 + Level 8.8 Short Blades
 - Level 2.8 Armour
 + Level 9.3 Dodging
 + Level 9.9 Stealth
 - Level 4.0 Shields
 + Level 9.7 Spellcasting
 + Level 9.7 Conjurations
 + Level 10.0 Summonings
 - Level 6.6 Translocations
 + Level 2.0 Fire Magic
 + Level 8.5 Air Magic
 + Level 5.0 Earth Magic
 + Level 9.2 Poison Magic
 + Level 12.4 Invocations
 + Level 6.4 Evocations


You had 18 spell levels left.
You knew the following spells:

 Your Spells              Type           Power      Damage    Failure   Level
a - Magic Dart            Conj           100%       1d8       1%          1
b - Call Imp              Summ           44%        N/A       1%          2
c - Blink                 Tloc           64%        N/A       1%          2
d - Mephitic Cloud        Conj/Pois/Air  41%        N/A       1%          3
e - Lesser Beckoning      Tloc           32%        N/A       3%          3
f - Stone Arrow           Conj/Erth      70%        3d11      2%          3
g - Ignite Poison         Fire/Tmut/Pois 22%        N/A       12%         3

Your spell library contained the following spells:

 Spells                   Type           Power      Damage    Failure   Level
 Apportation              Tloc           64%        N/A       1%          1
 Searing Ray              Conj           88%        2d7       1%          2
 Call Canine Familiar     Summ           44%        N/A       1%          3
 Sandblast                Erth           52%        2d12      2%          1
 Gell's Gravitas          Tloc           32%        N/A       3%          3
 Teleport Other           Tloc           32%        N/A       3%          3
 Conjure Flame            Conj/Fire      30%        6-21      4%          3
 Spider Form              Tmut/Pois      25%        N/A       9%          3
 Passwall                 Tmut/Erth      14%        N/A       10%         2
 Portal Projectile        Hex/Tloc       40%        N/A       14%         3
 Sticky Flame             Conj/Fire      30%        2d5       16%         4
 Beastly Appendage        Tmut           16%        N/A       19%         1
 Slow                     Hex            32%        N/A       19%         1
 Summon Ice Beast         Ice/Summ       26%        N/A       22%         4
 Fulminant Prism          Conj/Hex       13%        3d9       24%         4
 Hailstorm                Conj/Ice       26%        3d7       24%         4
 Ensorcelled Hibernation  Hex/Ice        16%        N/A       26%         2
 Wereblood                Tmut           8%         N/A       26%         2
 Manifold Assault         Tloc           32%        N/A       32%         5
 Fireball                 Conj/Fire      15%        3d8       41%         5
 Confusing Touch          Hex            8%         N/A       47%         3
 Frozen Ramparts          Ice            16%        1d3       47%         3
 Leda's Liquefaction      Hex/Erth       8%         N/A       54%         4
 Lee's Rapid Deconstruct  Erth           13%        3d10*     54%         5
 Ice Form                 Ice/Tmut       8%         N/A       87%         4
 Dispersal                Tloc           16%        N/A       87%         6
 Starburst                Conj/Fire      15%        6d6       94%         6
 Yara's Violent Unravell  Hex/Tmut       4%         3d4       99%         5
 Simulacrum               Ice/Necr       4%         N/A       100%        6
 Statue Form              Tmut/Erth      11%        N/A       100%        6
 Ignition                 Fire           8%         3d5       100%        8


Dungeon Overview and Level Annotations

Branches:
Dungeon (15/15)            Temple (1/1) D:4            Lair (6/6) D:9
  Swamp (1/4) Lair:2       Spider (4/4) Lair:4        Slime (0/5) Lair:5
    Orc (2/2) D:12            Elf (1/3) Orc:2        Vaults (0/5) D:13
 Depths (0/4) D:15

Altars:
Ashenzari
Cheibriados
Dithmenos
Elyvilon
Fedhas
Gozag
Hepliaklqana
Kikubaaqudgha
Makhleb
Nemelex Xobeh
Okawaru
Qazlal
Ru
Sif Muna
Trog
Uskayaw
Vehumet
Wu Jian
Xom
Yredelemnul
Zin
The Shining One
Beogh
Jiyva
Lugonu

Shops:
D:6 !   D:7 (   D:8 =   D:12 *   Orc:1 (   Orc:2 ?(((   Elf:1 (!

Portals:
Abyss: Spider:1

Annotations:
D:15 Azrael
Spider:2 1 transporter


Innate Abilities, Weirdness & Mutations

You have sharp fingernails.
Your demonic aura causes all spilled blood to erupt in flames.
You are mostly covered in sharp spines.


Message History

The emperor scorpion simulacrum freezes you!
You resist.
* * * LOW HITPOINT WARNING * * *
The emperor scorpion simulacrum claws you but does no damage.
You barely miss Dosmip's ghost.
Dosmip's ghost is almost destroyed.
You block Dosmip's ghost's attack.
Unknown command.
You puncture Dosmip's ghost!
Dosmip's ghost is almost destroyed.
You hit Dosmip's ghost but do no damage.
Dosmip's ghost is almost destroyed.
The spectral emperor scorpion is struck by your spines.
The spectral emperor scorpion barely misses you. x2
The spectral emperor scorpion completely misses you.
Your cacodemon hits Dosmip's ghost!!
Dosmip's ghost is destroyed!
Makhleb accepts your kill.
The entropy weaver simulacrum completely misses you.
You block the entropy weaver simulacrum's attack.
The entropy weaver simulacrum hits you.
* * * LOW HITPOINT WARNING * * *
The entropy weaver simulacrum freezes you!
You resist.
* * * LOW HITPOINT WARNING * * *
The entropy weaver simulacrum barely misses you.
Your Fire Magic skill increases to level 2!
Your Earth Magic skill increases to level 5!
You are too berserk!
Unknown command.
You puncture the emperor scorpion simulacrum!
The emperor scorpion simulacrum is severely damaged.
The emperor scorpion simulacrum is struck by your spines.
The emperor scorpion simulacrum hits you but does no damage.
The emperor scorpion simulacrum claws you but does no damage.
The emperor scorpion simulacrum claws you.
* * * LOW HITPOINT WARNING * * *
The emperor scorpion simulacrum freezes you!
You resist.
You die...

#..#..........©#.....##
#..#...........#....##
#..#..##...##..#...##
#..#..#8...8#..#..## ###
#..#..##...##..#..# ##.##
#..#.....©.....#..## #.>##
#..#..##2.Z##..#...## #..#≈
#..#..#8..Z8#..#....###...≈
#..#..##.Z@##..#....#.#^...
#..#.....Z.....#....<..#.≈≈
#..#...?)!!|...#....>.....≈
#..#############.........≈≈
#....(...©........##......≈
#........................≈≈
#############............#≈
##...........##
##.....#......##


You could see a spectral emperor scorpion, an emperor scorpion simulacrum, a
ghost moth simulacrum, an entropy weaver simulacrum (ally target) and a friendly
cacodemon (summoned).

Vanquished Creatures
  Agnes (D:15)
  A frost giant (D:15)
  A deep elf sorcerer (Elf:1)
  An emperor scorpion (Spider:2)
  2 ghouls (D:15)
  An ironbound preserver (D:13)
  2 eleionomae (Swamp:1)
  An entropy weaver (Spider:4)
  A bunyip (Swamp:1)
  2 spark wasps
  A deep elf annihilator (Elf:1)
  An ettin (Orc:2)
  Fannar (D:12)
  A fire dragon (D:14)
  A boulder beetle (Lair:2)
  12 hydras
  2 catoblepae
  An alligator (Swamp:1)
  3 death yaks (Lair:6)
  6 two-headed ogres
  8 centaur warriors
  A deep troll shaman (Lair:6)
  3 tengu warriors
  2 dancing weapons (Elf:1)
  5 orc high priests (Orc:2)
  4 deep elf knights (Elf:1)
  8 skeletal warriors
  A goliath frog (Swamp:1)
  A spriggan druid (Swamp:1)
  3 swamp dragons (Swamp:1)
  10 deep elf archers (Elf:1)
  2 bog bodies (Swamp:1)
  2 wizards (D:14)
  A harpy (D:14)
  A lindwurm (Lair:6)
  9 orb spiders
  A wolf spider zombie (D:15)
  15 wolf spiders
  8 orc knights (Orc:2)
  15 deep elf pyromancers
  An orc sorcerer (Orc:1)
  11 deep elf zephyrmancers (Elf:1)
  A will-o-the-wisp (Lair:2)
  9 cyclopes
  21 ugly things
  4 manticores
  Joseph (D:8)
  5 black mambas
  2 torpor snails
  11 elephants (Lair:6)
  15 cane toads
  4 rime drakes
  2 unseen horrors (D:11)
  A freezing wraith (D:15)
  12 komodo dragons
  A ghost moth simulacrum (Spider:2)
  12 demonic crawlers
  4 yaktaurs
  A guardian mummy (D:15)
  A tengu conjurer (D:11)
  3 trolls
  4 meliai
  4 polar bears
  A wolf spider simulacrum (Spider:2)
  15 jumping spiders
  5 tyrant leeches (Swamp:1)
  3 hornets
  15 blink frogs
  8 slime creatures
  A meliai zombie (D:10)
  11 dream sheep (Lair:5)
  58 redbacks
  A spriggan (shapeshifter) (Elf:1)
  9 spriggans
  A vampire (D:13)
  69 yaks
  A shadow (D:13)
  3 wyverns
  An air elemental (Elf:1)
  2 wraiths
  5 basilisks
  A water elemental (Elf:1)
  19 tarantellas
  2 vampire mosquitoes (Swamp:1)
  A warg (Orc:2)
  A steam dragon (D:8)
  2 acid dragons
  5 swamp worms (Swamp:1)
  14 water moccasins
  2 hell hounds (D:15)
  A hornet zombie (D:15)
  A sky beast (D:5)
  An ice beast (D:7)
  35 orc warriors
  3 black bears
  3 necrophages
  2 ogres
  9 wolves
  13 centaurs
  A phantom (D:4)
  A kobold brigand (D:10)
  16 bullfrogs
  3 earth elementals (Elf:1)
  3 scorpions (D:6)
  12 killer bees
  4 wights (D:8)
  An electric eel (Lair:5)
  2 lava snakes (Lair:1)
  A howler monkey (D:4)
  4 jellies
  3 hounds
  6 centaur zombies
  Crazy Yiuf (D:3)
  28 orc priests
  A centaur skeleton (D:6)
  2 gnoll shamans
  Terence (D:3)
  6 hell rats (Lair:5)
  23 orc wizards
  An iguana (D:7)
  2 killer bee zombies
  2 human simulacra (D:11)
  A hound skeleton (D:4)
  2 mummies (D:15)
  9 gnolls
  A howler monkey zombie (D:9)
  2 howler monkey skeletons (D:7)
  6 adders
  A shadow imp (D:8)
  An ufetubus (D:4)
  An adder skeleton (D:4)
  4 worms
  7 dart slugs
  86 orcs
  7 bats
  6 endoplasms
  4 giant cockroaches
  11 goblins
  13 hobgoblins
  7 jackals
  14 kobolds
  3 quokkas
  7 ball pythons
  A frilled lizard (D:2)
  A quokka skeleton (D:4)
  7 rats
  A lurking horror (Spider:1)
923 creatures vanquished.

Vanquished Creatures (collateral kills)
  The ghost of Dosmip the Marksminotaur, an adept MiBe of Trog (Spider:2)
  3 hydras
  A goliath frog (Swamp:1)
  A spectral wolf spider (Spider:2)
  A wolf spider simulacrum (Spider:2)
  An acid dragon (D:9)
  A mummy (D:15)
9 creatures vanquished.

Vanquished Creatures (others)
  An alligator (Swamp:1)
  A manticore (D:14)
  A bloated husk (Swamp:1)
  A tarantella (Spider:4)
  A vampire mosquito (Swamp:1)
  A gnoll (D:6)
  A kobold (D:10)
  14 foxfires
  22 fungi
  32 plants
  5 withered plants (D:15)
80 creatures vanquished.

Grand Total: 1012 creatures vanquished

Notes
Turn   | Place    | Note
-------+----------+-------------------------------------------
     0 | D:1      | Zonian the Demonspawn Hedge Wizard began the quest for the
                  | Orb.
     0 | D:1      | Reached XP level 1. HP: 13/13 MP: 4/4
   354 | D:1      | Gained mutation: You are partially covered in sharp spines.
                  | [demonic ancestry]
   354 | D:1      | Reached XP level 2. HP: 20/20 MP: 3/6
   988 | D:1      | Reached skill level 1 in Fighting
  1398 | D:1      | Learned a level 2 spell: Call Imp
  1401 | D:1      | Learned a level 2 spell: Blink
  1770 | D:1      | Gained mutation: Your demonic aura sometimes causes spilled
                  | blood to erupt in flames. [demonic ancestry]
  1770 | D:1      | Reached XP level 3. HP: 25/26 MP: 8/8
  2049 | D:1      | Reached skill level 1 in Translocations
  2528 | D:2      | Found a sacrificial altar of Ru.
  2640 | D:2      | Reached XP level 4. HP: 21/32 MP: 9/9
  2757 | D:2      | Found a faded altar of an unknown god.
  2769 | D:2      | Got Plato's Disquisition on Dislocation
  4388 | D:3      | Found a runed translucent door.
  4389 | D:3      | Noticed Crazy Yiuf
  4470 | D:3      | Noticed Terence
  4479 | D:3      | Killed Terence
  4480 | D:3      | Reached XP level 5. HP: 36/37 MP: 10/10
  5075 | D:3      | Killed Crazy Yiuf
  5076 | D:3      | Reached skill level 1 in Short Blades
  5576 | D:4      | Found a broken altar of Ashenzari.
  5764 | D:4      | Found a staircase to the Ecumenical Temple.
  5781 | D:4      | Reached XP level 6. HP: 40/44 MP: 12/12
  5792 | Temple   | Entered the Ecumenical Temple
  5976 | Temple   | Became a worshipper of Makhleb the Destroyer
  6118 | D:4      | Found a stormy altar of Qazlal.
  6263 | D:4      | Reached skill level 1 in Invocations
  6543 | D:4      | Reached * piety under Makhleb
  6713 | D:4      | Reached skill level 1 in Armour
  6713 | D:4      | Gained mutation: Your demonic aura often causes spilled
                  | blood to erupt in flames. [demonic ancestry]
  6713 | D:4      | Reached XP level 7. HP: 50/50 MP: 9/13
  7374 | D:5      | Entered Level 5 of the Dungeon
  7402 | D:5      | Reached skill level 2 in Invocations
  8094 | D:5      | Identified the ring "Fiduj" {Fire rCorr Dex+4}
  8478 | D:6      | Found Bukoikyl's Distillery.
  8502 | D:6      | Bought a potion of curing for 33 gold pieces
  8502 | D:6      | Bought a potion of heal wounds for 55 gold pieces
  8502 | D:6      | Bought a potion of curing for 33 gold pieces
  8502 | D:6      | Bought a potion of curing for 33 gold pieces
  8502 | D:6      | Bought a potion of might for 44 gold pieces
  8575 | D:6      | Reached XP level 8. HP: 57/57 MP: 14/14
  9056 | D:6      | Reached skill level 3 in Invocations
  9078 | D:6      | Found an iron altar of Okawaru.
  9289 | D:6      | Learned a level 3 spell: Mephitic Cloud
  9384 | D:6      | Found a sparkling altar of Nemelex Xobeh.
  9444 | D:6      | Found a shimmering altar of Xom.
  9480 | D:6      | Noticed a two-headed ogre
  9888 | D:6      | Killed a two-headed ogre
  9889 | D:6      | Reached skill level 1 in Air Magic
  9889 | D:6      | Reached skill level 1 in Poison Magic
  9889 | D:6      | Reached XP level 9. HP: 64/64 MP: 10/16
 10400 | D:7      | Reached skill level 5 in Spellcasting
 10689 | D:7      | Reached skill level 4 in Invocations
 10806 | D:7      | Reached ** piety under Makhleb
 10873 | D:7      | Found Xeso's Weapon Shoppe.
 11000 | D:7      | Noticed a two-headed ogre
 11185 | D:7      | Killed a two-headed ogre
 11186 | D:7      | Reached skill level 1 in Shields
 11800 | D:8      | Found Toynin's Jewellery Shoppe.
 11820 | D:8      | Reached skill level 5 in Invocations
 11835 | D:8      | Found Kubreov's Demolitions Depot.
 11889 | D:8      | Reached XP level 10. HP: 61/68 MP: 18/18
 11909 | D:8      | Noticed Joseph
 12292 | D:8      | Reached *** piety under Makhleb
 13040 | D:8      | Killed Joseph
 13187 | D:8      | Found a shimmering blue altar of Sif Muna.
 13388 | D:9      | Found a staircase to the Lair.
 13416 | D:9      | Reached skill level 5 in Stealth
 13976 | D:9      | Identified the +6 short sword of Crusades {pain, rF- rC+++
                  | Will+++ Int-2}
 15232 | Lair:1   | Entered Level 1 of the Lair of Beasts
 15247 | D:9      | Reached skill level 5 in Dodging
 15540 | Lair:1   | Noticed a five-headed hydra
 15542 | Lair:1   | Reached skill level 5 in Conjurations
 15549 | Lair:1   | Reached skill level 5 in Summonings
 15741 | Lair:1   | Learned a level 3 spell: Lesser Beckoning
 15871 | Lair:1   | Killed a five-headed hydra
 15872 | Lair:1   | Reached skill level 6 in Invocations
 15872 | Lair:1   | Reached XP level 11. HP: 65/78 MP: 18/20
 16021 | Lair:1   | Reached skill level 5 in Fighting
 16572 | Lair:1   | Noticed a seven-headed hydra
 16578 | Lair:1   | Killed a seven-headed hydra
 16628 | Lair:1   | Noticed a four-headed hydra
 16634 | Lair:1   | Killed a four-headed hydra
 17104 | Lair:2   | Noticed a boulder beetle
 17173 | Lair:2   | Reached skill level 5 in Short Blades
 17173 | Lair:2   | Reached skill level 5 in Translocations
 17183 | Lair:2   | Noticed an eight-headed hydra
 17193 | Lair:2   | Killed an eight-headed hydra
 17465 | Lair:2   | Reached skill level 7 in Invocations
 17503 | Lair:2   | Killed a boulder beetle
 17784 | Lair:2   | Gained mutation: You have sharp fingernails. [demonic
                  | ancestry]
 17784 | Lair:2   | Reached XP level 12. HP: 70/87 MP: 21/21
 17789 | Lair:2   | Reached **** piety under Makhleb
 17903 | Lair:2   | Identified a scroll of acquirement
 17903 | Lair:2   | Acquired a +6 quick blade
 17907 | Lair:2   | Found a staircase to the Swamp.
 18358 | Lair:3   | Reached skill level 5 in Poison Magic
 18410 | Lair:3   | Noticed a five-headed hydra
 18433 | Lair:3   | Killed a five-headed hydra
 18502 | Lair:3   | Noticed a four-headed hydra
 18510 | Lair:3   | Killed a four-headed hydra
 19047 | Lair:3   | Reached skill level 8 in Invocations
 19500 | Lair:4   | Acquired a +2 pair of boots of flying
 19558 | Lair:4   | Noticed a seven-headed hydra
 19569 | Lair:4   | Killed a seven-headed hydra
 19570 | Lair:4   | Reached skill level 5 in Air Magic
 19682 | Lair:4   | Gained mutation: Your demonic aura causes all spilled blood
                  | to erupt in flames. [demonic ancestry]
 19682 | Lair:4   | Reached XP level 13. HP: 94/94 MP: 23/23
 19707 | Lair:4   | Found a hole to the Spider Nest.
 20634 | Lair:5   | Found a staircase to the Slime Pits.
 20688 | Lair:5   | Reached ***** piety under Makhleb
 20777 | Lair:5   | Found a viscous altar of Jiyva.
 21441 | Lair:6   | Entered Level 6 of the Lair of Beasts
 21728 | Lair:6   | Reached skill level 9 in Invocations
 22152 | Lair:6   | Reached XP level 14. HP: 103/103 MP: 25/25
 22588 | Lair:6   | Reached ****** piety under Makhleb
 22860 | Lair:6   | Reached skill level 1 in Evocations
 23061 | Lair:6   | Identified the +1 leather armour of the Gravedigger {rPois
                  | Int+2}
 23254 | D:10     | Entered Level 10 of the Dungeon
 24985 | D:12     | Found Zin's Purification Station.
 25099 | D:12     | Noticed Fannar
 25116 | D:12     | Killed Fannar
 25117 | D:12     | Reached skill level 10 in Invocations
 25457 | D:12     | Bought a potion of curing for 90 gold pieces
 26353 | D:12     | Learned a level 3 spell: Stone Arrow
 26590 | D:12     | Found a staircase to the Orcish Mines.
 26775 | D:12     | Found Lefapp's Assorted Antiques.
 26779 | D:12     | Bought a potion of heal wounds for 125 gold pieces
 26779 | D:12     | Bought a wand of iceblast (3) for 100 gold pieces
 26779 | D:12     | Bought a scroll of fog for 50 gold pieces
 27034 | D:13     | Noticed an ironbound preserver
 27466 | D:13     | Killed an ironbound preserver
 27513 | D:13     | Reached skill level 1 in Earth Magic
 27755 | D:13     | Found a gate to the Vaults.
 28455 | D:14     | Gained mutation: You are mostly covered in sharp spines.
                  | [demonic ancestry]
 28455 | D:14     | Reached XP level 15. HP: 99/110 MP: 27/27
 29786 | D:15     | Entered Level 15 of the Dungeon
 30223 | D:15     | Noticed Agnes
 30242 | D:15     | Killed Agnes
 32013 | D:15     | Noticed Azrael
 32829 | D:15     | Reached skill level 11 in Invocations
 32980 | D:15     | Found a staircase to the Depths.
 32980 | D:15     | Noticed a frost giant
 33005 | D:15     | Noticed an Executioner
 33008 | D:15     | HP: 5/112 [Executioner[the player character] (20)]
 33487 | D:15     | Killed a frost giant
 33713 | Orc:1    | Entered Level 1 of the Orcish Mines
 33855 | Orc:2    | Entered Level 2 of the Orcish Mines
 34477 | Orc:2    | Found a staircase to the Elven Halls.
 35614 | Orc:2    | Reached XP level 16. HP: 111/119 MP: 25/29
 35812 | Orc:2    | Found Ruarasua's Antique Weapon Boutique.
 35812 | Orc:2    | Found Awosh's Antique Weapon Boutique.
 35813 | Orc:2    | Found Irakimm's Weapon Shop.
 35813 | Orc:2    | Found Adghysih's Magic Scroll Boutique.
 35835 | Orc:2    | Bought the +7 captain's cutlass {speed, disarm} for 702
                  | gold pieces
 35835 | Orc:2    | Found the +7 captain's cutlass {speed, disarm}
 35912 | Orc:1    | Found Ninuapti's Antique Weapon Shop.
 36308 | Spider:1 | Entered Level 1 of the Spider Nest
 37057 | Spider:1 | Found a one-way gate to the infinite horrors of the Abyss.
 37057 | Spider:1 | Found a corrupted altar of Lugonu.
 38973 | Spider:2 | Found a hide-covered altar of Uskayaw.
 39269 | Spider:2 | Reached skill level 5 in Evocations
 39636 | Spider:2 | Found a transporter.
 39643 | Spider:2 | Noticed Dosmip's ghost (adept MiBe)
 39646 | Spider:2 | Found a transporter.
 43330 | Spider:4 | Entered Level 4 of the Spider Nest
 44065 | Spider:4 | HP: 6/120 [poisoned by a wolf spider]
 44704 | Swamp:1  | Entered Level 1 of the Swamp
 46186 | Swamp:1  | Learned a level 3 spell: Ignite Poison
 46255 | Swamp:1  | Reached skill level 12 in Invocations
 46373 | Swamp:1  | HP: 2/120 [swamp worm/harpoon shot (21)]
 47385 | Swamp:1  | Upgraded the game from 0.28-a0-1038-g9c4cb8273d to
                  | 0.28-a0-1080-g05a166d0ed
 47645 | Orc:2    | Bought a scroll of fog for 24 gold pieces
 47689 | Elf:1    | Entered Level 1 of the Elven Halls
 47797 | Elf:1    | Reached XP level 17. HP: 81/126 MP: 30/30
 48696 | Elf:1    | Reached skill level 1 in Fire Magic
 50170 | Elf:1    | Found Zetuotu's Distillery.
 50174 | Elf:1    | Found Riotul Ukky's Antique Weapon Emporium.
 50627 | Elf:1    | Reached skill level 10 in Summonings
 51773 | Orc:2    | Bought a scroll of magic mapping for 42 gold pieces
 52247 | Spider:2 | Killed Dosmip's ghost
 52247 | Spider:2 | HP: 5/184 [entropy weaver simulacrum (9)]
 52248 | Spider:2 | Reached skill level 5 in Earth Magic
 52248 | Spider:2 | Mangled by an emperor scorpion simulacrum

Illustrated notes

Levels and vault maps discovered:
D:1:      dpeg_arrival_boxes_within_box, layout_rooms, corner_web_ring
D:2:      wander_river, layout_rooms, basic_altar,
          shapermc_ecumenical_altar_rom_forum
D:3:      layout_loops_ring, nicolae_tso_swordbearing_angel,
          chequers_serial_rivers_micro_b, uniq_terence, uniq_crazy_yiuf_cottage
D:4:      minmay_diamond_boxcup, layout_basic, evilmike_ruin_ashenzari,
          mainiacjoe_overflow_catwalk, minmay_temple_entry_gardened_gates
D:5:      layout_loops_ring, minivault_23
D:6:      layout_loops_ring, general_overflow_altar, tgw_xom,
          mainiacjoe_overflow_concentric_impassable, nicolae_stop_n_shop_2,
          chequers_decorated_corner
D:7:      layout_basic, enter_bailey_5, serial_shops, shop, eino_jars
D:8:      minmay_spotlight, layout_loops_cross, lemuel_coloured_pillars_altar,
          serial_shops, nicolae_stop_n_shop_1, nicolae_blasting_shop,
          uniq_joseph
D:9:      layout_stronghold, david_lair_generic, minivault_23
D:10:     layout_long_grid
D:11:     layout_grid_maze, bh_circular_ruins
D:12:     layout_rooms, hiddenorc1_lemuel, serial_shops, kennysheep_mini_moat,
          zin_purify, uniq_fannar
D:13:     layout_small_grid, skrybe_vaults_entry_preservation
D:14:     minmay_inside_and_out, layout_long_grid, st_stairs_4
D:15:     grunt_enter_depths_snipers, layout_irregular_city, serial_undead,
          serial_undead_f, serial_undead_d, serial_undead_e, serial_undead_f,
          serial_undead_e, chequers_arboretum, uniq_azrael, uniq_agnes
Temple:   regret_index_temple_waves
Lair:1:   kb_forest_paths, layout_gridlike
Lair:2:   layout_chaotic_city, swamp_mist, lemuel_fruit_tree
Lair:3:   layout_roguey, beast_lair_carwin_4, serial_bayou_shore_b
Lair:4:   layout_regular_city, nicolae_spider_entry_orb_guardian
Lair:5:   layout_regular_city, slime_altar_1, serial_bayou_shore_a,
          grunt_megastairs_4
Lair:6:   grunt_lair_end_beastmaster, layout_hall_layers, st_stairs_11
Swamp:1:  layout_basic_swamp, evilmike_swamp_ruin_rubble_2,
          infiniplex_staircase_pool
Spider:1: layout_spider_delve, amcnicky_altar_lugonu_corruption
Spider:2: layout_spider_delve, gammafunk_ghost_mausoleum,
          nicolae_spider_altar_of_dancing, nicolae_spider_cling_halls
Spider:3: layout_spider_delve
Spider:4: guppyfry_spider_rune
Orc:1:    layout_caves, serial_shops, nicolae_shop_window_shopping
Orc:2:    st_orc_pillars, layout_caves, basic_altar
Elf:1:    eino_elf_arrival_customs, layout_onion_city, hangedman_elf_represent,
          minmay_shop_star

Skill      XL: |  1  2  3  4  5  6  7  8  9 10 11 12 13 14 15 16 17 |
---------------+----------------------------------------------------+-----
Dodging        | 2 3 4 5 6 7 8 9 |  9.3
Fighting       | 1 2 3 4 5 6 7 8 9 |  9.9
Stealth        | 2 3 4 5 6 7 8 9 |  9.9
Translocations | 1 2 3 4 5 6 |  6.6
Short Blades   | 1 2 3 4 5 6 7 8 |  8.8
Summonings     | 2 3 4 5 6 7 8 9 10 | 10.0
Spellcasting   | 4 5 6 7 8 9 |  9.7
Conjurations   | 2 3 4 5 6 7 8 9 |  9.7
Invocations    | 1 2 3 5 6 7 8 9 10 11 12 | 12.4
Armour         | 1 2 |  2.8
Air Magic      | 1 2 3 4 5 6 7 8 |  8.5
Poison Magic   | 1 2 3 4 5 6 7 8 9 |  9.2
Shields        | 1 2 3 4 |  4.0
Evocations     | 3 4 6 |  6.4
Earth Magic    | 1 3 4 5 |  5.0
Fire Magic     | 2 |  2.0

Action                   |  1- 3 |  4- 6 |  7- 9 | 10-12 | 13-15 | 16-18 || total
-------------------------+-------+-------+-------+-------+-------+-------++-------
Melee: Dagger            |    89 |   178 |   245 |   383 |       |       ||   895
       Quick blade       |       |       |       |   302 |  2082 |  1144 ||  3528
       Cutlass           |       |       |       |       |       |   181 ||   181
Throw: Throwing net      |       |       |       |     2 |     1 |       ||     3
       Boomerang         |       |       |       |       |     1 |       ||     1
 Cast: Magic Dart        |    23 |    14 |     8 |    57 |    43 |       ||   145
       Call Imp          |       |     1 |     5 |     1 |     2 |     1 ||    10
       Blink             |       |       |       |     2 |    10 |    22 ||    34
       Mephitic Cloud    |       |       |       |     2 |    34 |    12 ||    48
       Stone Arrow       |       |       |       |       |     5 |    21 ||    26
       Lesser Beckoning  |       |       |       |       |       |     3 ||     3
       Ignite Poison     |       |       |       |       |       |     1 ||     1
Invok: Lesser Servant of |       |       |       |     7 |     6 |     3 ||    16
       Major Destruction |       |       |       |       |     3 |       ||     3
       Greater Servant o |       |       |       |       |     1 |     1 ||     2
Evoke: Wand              |       |       |     3 |     5 |    11 |    16 ||    35
       Box of beasts     |       |       |       |     1 |     3 |     2 ||     6
       Tin of tremorston |       |       |       |       |     2 |     2 ||     4
  Use: Scroll            |     2 |     8 |     9 |    13 |    17 |     5 ||    54
       Potion            |       |       |     4 |     1 |     4 |     9 ||    18
 Stab: Sleeping          |     2 |     8 |    10 |     8 |    17 |     9 ||    54
       Held in net/web   |       |       |       |     1 |     2 |       ||     3
       Distracted        |       |       |       |     1 |     6 |     4 ||    11
       Confused          |       |       |       |       |    39 |     4 ||    43
       Petrifying        |       |       |       |       |     3 |       ||     3
Armor: Robe              |    12 |     4 |       |       |       |       ||    16
       Leather armour    |       |    24 |    49 |    24 |   140 |    13 ||   250
       Troll leather arm |       |       |       |    41 |    78 |       ||   119
       Ring mail         |       |       |       |       |       |   185 ||   185
Dodge: Dodged            |    51 |   105 |   152 |   245 |   524 |   540 ||  1617
Block: Buckler           |       |       |    44 |   166 |   399 |   372 ||   981
       Reflection        |       |       |       |       |    30 |    12 ||    42

Table legend: (Time is in decaauts)
 A = Elapsed time spent in this place.
 B = Non-inter-level travel time spent in this place.
 C = Inter-level travel time spent in this place.
 D = Time resting spent in this place.
 E = Time spent auto-exploring this place.
 F = Levels seen in this place.
 G = Mean time per level.
                   A        B        C        D        E       F      G
               +--------+--------+--------+--------+--------+-----+--------+
         Total |  49795 |  45974 |   3821 |  19734 |  17334 |  30 | 1659.8 |
       Dungeon |  25612 |  24265 |   1347 |   9456 |  10649 |  15 | 1707.5 |
        Temple |    223 |    184 |     39 |      0 |    163 |   1 |  223.0 |
          Lair |   8983 |   8012 |    971 |   2621 |   3513 |   6 | 1497.2 |
         Swamp |   1390 |   1368 |     22 |    629 |    314 |   1 | 1390.0 |
   Spider Nest |   7758 |   7085 |    673 |   4841 |   1253 |   4 | 1939.5 |
  Orcish Mines |   2678 |   2007 |    671 |    602 |    873 |   2 | 1339.0 |
   Elven Halls |   3146 |   3051 |     95 |   1585 |    568 |   1 | 3146.0 |
               +--------+--------+--------+--------+--------+-----+--------+

Top non-repeatable levels by time:
Spider:2: 3943 daAuts
   Elf:1: 3146 daAuts
    D:14: 2782 daAuts
    D:15: 2368 daAuts
  Lair:2: 2365 daAuts
   Orc:2: 2218 daAuts
     D:1: 2193 daAuts
     D:9: 2000 daAuts
    D:12: 1998 daAuts
     D:2: 1908 daAuts
Spider:1: 1907 daAuts
     D:5: 1855 daAuts
  Lair:1: 1854 daAuts
Spider:3: 1825 daAuts
     D:8: 1692 daAuts
